Map: Lerilak Crest

Players

Aven - Winner!

  • Race: Zerg Zerg
  • League: Diamond

LilDicky

  • Race: Terran Terran
  • League: Diamond

VOD

http://www.twitch.tv/tumescentpie

Description

Time

  • Played on: Jan. 2, 2016, 10:22 a.m.
  • Length: 8:18
Show
View Real Time Build Order
Export as new Build Order

Aven Zerg - Winner!

Build Orders: Hatch First 

Get SALT Encoding   

  12  0:01  Drone  
  13  0:12  Overlord  
  13  0:17  Drone  
  14  0:25  Drone, Extractor  
  15  0:30  Drone  
  15  0:34  Drone  
  17  0:45  Drone  
  18  0:57  Hatchery  
  18  1:00  Drone  
  18  1:12  Spawning Pool  
  18  1:15  Drone  
  18  1:19  Drone  
  19  1:29  Drone  
  20  1:33  Extractor  
  20  1:38  Drone  
  20  1:49  Drone  
  21  2:05  Hatchery, Queen  
  22  2:09  Queen  
  22  2:15  Drone x2  
  26  2:25  Drone x2  
  26  2:29  Overlord  
  28  2:40  Metabolic Boost  
  28  2:47  Queen  
  30  2:53  Queen  
  30  2:56  Drone x2  
  34  3:02  Overlord  
  34  3:19  Queen  
  36  3:27  Baneling Nest  
  36  3:32  Drone x7  
  36  3:33  Drone  
  43  3:35  Drone  
  43  3:40  Extractor  
  43  3:43  Extractor  
  43  3:45  Extractor  
  43  3:46  Drone x3  
  44  4:06  Lair  
  44  4:08  Drone x2  
  44  4:09  Drone x4  
  50  4:28  Evolution Chamber, Drone  
  50  4:29  Overlord  
  50  4:30  Evolution Chamber  
  49  4:31  Overlord  
  49  4:34  Overlord  
  49  4:48  Drone x4  
  49  4:50  Zergling x16  
  61  4:59  Zergling x2  
  64  5:00  Zergling x6  
  65  5:08  Spire  
  65  5:09  Baneling x2  
  65  5:10  Baneling x3  
  64  5:15  Centrifical Hooks  
  64  5:21  Drone x2  
  66  5:22  Drone  
  67  5:34  Zerg Melee Weapons Level 1  
  67  5:35  Zerg Ground Armor Level 1  
  67  5:36  Drone x3  
  67  5:40  Drone x2  
  72  5:44  Baneling x2  
  72  6:00  Drone x2  
  72  6:01  Overlord  
  72  6:03  Overlord  
  74  6:05  Overlord  
  74  6:16  Infestation Pit  
  74  6:17  Zergling x2  
  74  6:18  Overlord  
  74  6:19  Baneling x2  
  74  6:20  Baneling x3  
  74  6:24  Extractor  
  73  6:26  Drone x2  
  73  6:31  Drone x3  
  78  6:32  Extractor  
  78  6:34  Drone x6  
  78  6:35  Drone x2  
  85  6:55  Hive  
  85  6:57  Zergling x2  
  85  6:58  Zergling x16  
  94  7:13  Hatchery  
  93  7:29  Zergling x2  
  94  7:30  Zergling x24  
  94  7:31  Hatchery  
Show
View Real Time Build Order
Export as new Build Order

LilDicky Terran 

Build Orders: Command Center First (CC) 

Get SALT Encoding   

  12  0:02  SCV  
  13  0:14  SCV  
  14  0:22  Supply Depot  
  14  0:26  SCV  
  15  0:44  SCV  
  16  0:59  Command Center  
  16  1:01  SCV  
  17  1:17  SCV  
  18  1:32  SCV  
  19  1:46  SCV  
  20  1:50  Command Center  
  20  1:58  Supply Depot  
  20  1:59  SCV  
  21  2:04  Barracks  
  21  2:11  SCV  
  22  2:16  SCV  
  23  2:24  SCV  
  23  2:27  Barracks  
  23  2:28  SCV, Refinery  
  25  2:36  SCV  
  26  2:46  SCV  
  26  2:51  Marine, Orbital Command  
  28  3:00  Bunker  
  28  3:03  Orbital Command  
  28  3:10  Marine  
  29  3:19  Marine  
  30  3:20  Bunker  
  30  3:22  Orbital Command  
  29  3:29  Barracks Tech Lab  
  29  3:31  SCV  
  29  3:34  SCV  
  31  3:37  Marine  
  32  3:43  SCV, Supply Depot  
  32  3:46  SCV  
  34  3:51  Stimpack  
  34  3:52  Marine  
  35  3:57  Marine  
  35  3:59  Barracks  
  35  4:00  SCV  
  35  4:01  Refinery  
  35  4:02  SCV x2  
  39  4:12  Marine, Orbital Command  
  41  4:23  SCV  
  42  4:24  Barracks Reactor  
  41  4:34  Barracks  
  41  4:36  Barracks  
  41  4:37  SCV x2  
  43  4:38  Barracks  
  43  4:39  SCV, Barracks  
  43  4:41  Marine  
  45  4:49  SCV x2  
  45  4:51  Barracks Reactor  
  47  4:56  Factory  
  47  4:58  Marine  
  48  5:01  SCV  
  48  5:02  SCV x2  
  48  5:06  Marine  
  52  5:09  Marine  
  52  5:13  SCV  
  54  5:14  SCV x2  
  54  5:16  Marine  
  57  5:24  Marine x2  
  57  5:26  Marine  
  57  5:27  Marine  
  62  5:29  Barracks Tech Lab x2  
  62  5:30  SCV  
  62  5:34  Marine  
  63  5:37  SCV x2  
  63  5:39  Factory Reactor  
  63  5:41  Starport, Marine x3  
  68  5:43  Barracks Tech Lab  
  68  5:46  Barracks Reactor, Marine  
  69  5:50  Supply Depot  
  69  5:57  Marine  
  69  5:58  Marine x2, Marauder  
  69  6:02  Supply Depot  
  69  6:03  Supply Depot  
  74  6:05  SCV x2, Refinery  
  74  6:06  SCV, Refinery  
  74  6:10  Refinery x2  
  77  6:12  Marine x4  
  77  6:14  Concussive Shells  
  77  6:15  Marauder  
  77  6:16  Marauder  
  85  6:23  Marine  
  85  6:24  Marauder  
  85  6:25  Supply Depot  
  88  6:26  Engineering Bay  
  88  6:27  Engineering Bay  
  88  6:29  Marine x2  
  88  6:30  Supply Depot  
  90  6:33  Marine x3  
  90  6:34  SCV x2, Supply Depot  
  90  6:35  Medivac  
  90  6:37  Marine x2, Medivac  
  101  6:46  SCV, Marine x3  
  105  6:47  Marine x2  
  105  6:49  Supply Depot  
  105  6:51  Marine  
  105  6:53  Supply Depot  
  108  6:56  SCV x2, Marauder  
  108  6:57  Marine  
  113  7:08  SCV x2, Marine  
  115  7:11  Medivac  
  118  7:21  Marine x2  
  118  7:22  Marine x2  
  126  7:23  Marauder x2  
  126  7:24  Marine  
  126  7:25  Command Center, Marine  
  128  7:30  Marine x2  
  128  7:33  Medivac  
  132  7:39  Marine  
  132  7:43  Marauder  
  94  7:50  Marine x2  
  94  7:51  Marine x4  
  92  7:52  Marauder x2  
  92  7:53  SCV  
  92  7:54  SCV  
Tags
 
Add a new tag
Caveats
  • Supply blocks, unpowered buildings, or Contaminate may cause inaccurate times.
  • Supply counts are checked every 10 seconds.